 Dungeon Crawl Stone Soup version 0.28-a0-991-g956f0ee3d5 (webtiles) character file.

Game seed: 432922693674474120

11 MacCMillion the Insei (level 2, 0/21 HPs)
             Began as a Merfolk Transmuter on Dec 5, 2021.
             Slain by a bat (1 damage)
             ... on level 1 of the Dungeon.
             The game lasted 00:00:46 (131 turns).

MacCMillion the Insei (Merfolk Transmuter)           Turns: 131, Time: 00:00:46

Health: 0/21       AC:  2    Str: 10    XL:     2   Next: 25%
Magic:  5/5        EV: 12    Int: 12    God:
Gold:   10         SH:  0    Dex: 14    Spells: 4/5 levels left

rFire   . . .      SeeInvis .     - Unarmed
rCold   . . .      Faith    .   (no shield)
rNeg    . . .      Spirit   .   a - +0 robe
rPois   .          Reflect  .   (no helmet)
rElec   .          Harm     .   (no cloak)
rCorr   .          Rampage  .   (no gloves)
Will    .....                   (no boots)
Stlth   +.........              (no amulet)
HPRegen 0.07/turn               (no ring)
MPRegen 0.09/turn               (no ring)

@: no status effects
A: (nimble swimmer 2), mertail
a: no special abilities


You were on level 1 of the Dungeon.
You visited 1 branch of the dungeon, and saw 1 of its levels.

You collected 10 gold pieces.

Inventory:

Armour
 a - a +0 robe (worn)


   Skills:
 - Level 1.1 Fighting
 - Level 2.6 Dodging
 + Level 3.7 Unarmed Combat
 - Level 2.0 Spellcasting
 + Level 3.3 Transmutations


You had 4 spell levels left.
You knew the following spells:

 Your Spells              Type           Power      Damage    Failure   Level
a - Beastly Appendage     Tmut           18%        N/A       7%          1

Your spell library contained the following spells:

 Spells                   Type           Power      Damage    Failure   Level
 Wereblood                Tmut           9%         N/A       11%         2
 Spider Form              Tmut/Pois      5%         N/A       38%         3
 Ice Form                 Ice/Tmut       5%         N/A       80%         4


Dungeon Overview and Level Annotations

Branches:
Dungeon (1/15)

Altars:


Innate Abilities, Weirdness & Mutations

((You are quick and stealthy near water. (Stealth+, EV+, Speed+++)))
Your lower body shifts to a powerful aquatic tail in water.


Message History

* * * LOW HITPOINT WARNING * * *
You barely miss the gnoll. You headbutt the gnoll.
You kill the gnoll!
Your Transmutations skill increases to level 3!
You have reached level 2!
Your horns disappear.
The bat closely misses you. The bat hits you.
* * * LOW HITPOINT WARNING * * *
The bat closely misses you. The bat barely misses you. The bat misses you.
The bat hits you but does no damage. The bat hits you.
* * * LOW HITPOINT WARNING * * *
The bat closely misses you. The bat hits you but does no damage.
The bat hits you but does no damage. The bat barely misses you.
The bat barely misses you. The bat completely misses you. The bat hits you.
* * * LOW HITPOINT WARNING * * *
The bat hits you.
* * * LOW HITPOINT WARNING * * *
The bat misses you.
You barely miss the bat. The bat completely misses you.
You barely miss the goblin. The bat hits you but does no damage.
The goblin barely misses you. The bat closely misses you.
You closely miss the goblin. The bat barely misses you.
The goblin barely misses you.
You closely miss the goblin. The bat hits you but does no damage.
The goblin barely misses you.
You hit the goblin.
The goblin is moderately wounded.
The goblin hits you with a +0 club.
* * * LOW HITPOINT WARNING * * *
The bat closely misses you.
You hit the goblin.
The goblin is severely wounded.
The bat hits you.
You die...

##.###....#
#.##.###.# #.#.###..#
###.####...# #
...<.....g.# .#
###.####...########.#
#.# ##..g........####
#.# ##....#gg.......
#.# #.......#.@######
... #.....#.#.b# ...
#..####.#... ......#
#.##..# ##.. #.##..#
#. ...#..# #..# #..#


You could see 2 goblins and a bat.

Vanquished Creatures
  A gnoll (D:1)
  A hobgoblin (D:1)
2 creatures vanquished.

Notes
Turn   | Place    | Note
-------+----------+-------------------------------------------
     0 | D:1      | MacCMillion the Merfolk Transmuter began the quest for the
                  | Orb.
     0 | D:1      | Reached XP level 1. HP: 15/15 MP: 3/3
   107 | D:1      | Reached XP level 2. HP: 4/21 MP: 5/5
   124 | D:1      | HP: 1/21 [bat (1)]
   130 | D:1      | HP: 1/21 [goblin (1)]
   131 | D:1      | Slain by a bat

Illustrated notes

Levels and vault maps discovered:
D:1:      roderic_crossed_star, layout_loops_ring, minmay_curled_crystal,
          chequers_mini_garden, dk_noncrumbling_4

Skill      XL: |  1 |
---------------+----+-----
Transmutations | 3 |  3.3
Fighting       | |  1.1
Dodging        | |  2.6
Unarmed Combat | |  3.7
Spellcasting   | |  2.0

Action                   || total
-------------------------++-------
Melee: Unarmed           ||    18
       Headbutt          ||     2
 Cast: Beastly Appendage ||     2
Armor: Robe              ||     5
Dodge: Dodged            ||    27

Table legend: (Time is in decaauts)
 A = Elapsed time spent in this place.
 B = Non-inter-level travel time spent in this place.
 C = Inter-level travel time spent in this place.
 D = Time resting spent in this place.
 E = Time spent auto-exploring this place.
 F = Levels seen in this place.
 G = Mean time per level.
                   A        B        C        D        E       F      G
               +--------+--------+--------+--------+--------+-----+--------+
         Total |    130 |    130 |      0 |      0 |     77 |   1 |  130.0 |
       Dungeon |    130 |    130 |      0 |      0 |     77 |   1 |  130.0 |
               +--------+--------+--------+--------+--------+-----+--------+

Top non-repeatable levels by time:
     D:1: 130 daAuts
